Match 28147978
Unlisted

Match 28147978
End
Construct Infanterie Kompanie
Pioneer Squad
Grenadier Squad
Grenadier Squad
MG 42 Machine Gun Team
Construct Panzergrenadier Kompanie
Panzergrenadier Squad
Panzergrenadier Officer Quarters
Medical Station
Pioneer Squad
Selects Mechanized Battlegroup
Selects Raid Package
Pak 40 Anti-tank Gun Team
Selects 8 Rad Armored Car
8 Rad Armored Car
Pak 40 Anti-tank Gun Team
Construct Panzer Kompanie
Stoßtruppen Squad
sniper shot reduces your mom lif
CAuMOH
atank
ashilrye
0
0

Comments sign in to comment!

No comments posted yet!